Map: [ESL] Royal Blood

Players

Coffee - Winner!

  • Race: Terran Terran
  • Spawn Location: 7:00

Firefly

  • Race: Protoss Protoss
  • Spawn Location: 1:00

Event: ESL SC2 Masters 2023 Summer (Regionals)

VOD

Have the link to the VOD?

Description

Time

  • Played on: May 21, 2023, 7:11 a.m.
  • Length: 8:52

All games in this series

Show
View Real Time Build Order
Export as new Build Order

Coffee Terran - Winner!

Build Orders: Gas First Reaper Expand, Banshee Rush 

Get SALT Encoding   

  12  0:00  SCV  
  13  0:12  SCV  
  14  0:17  Supply Depot  
  14  0:24  SCV  
  14  0:27  Refinery  
  15  0:38  SCV  
  16  0:44  Barracks  
  16  0:50  SCV  
  17  1:02  SCV  
  18  1:14  SCV  
  19  1:31  Orbital Command, Reaper  
  20  1:41  Command Center  
  20  1:51  Factory  
  20  1:57  SCV  
  21  2:04  Refinery  
  21  2:06  Barracks Reactor  
  21  2:09  SCV  
  21  2:13  Supply Depot  
  22  2:21  SCV  
  23  2:38  SCV  
  23  2:44  Starport  
  24  2:47  Hellion x2  
  28  2:53  Orbital Command  
  28  2:55  SCV  
  29  3:04  Barracks Tech Lab  
  29  3:09  Hellion x2  
  29  3:12  SCV  
  34  3:19  SCV  
  35  3:25  SCV  
  35  3:26  Cloaking Field  
  36  3:29  Banshee  
  36  3:31  SCV  
  40  3:37  Supply Depot  
  40  3:39  Marine x2  
  42  3:42  Factory Tech Lab  
  42  3:44  SCV  
  42  3:45  SCV  
  44  3:57  Marine x2  
  44  4:00  SCV  
  44  4:01  Siege Tank  
  49  4:13  Banshee  
  49  4:15  Marine x2  
  49  4:16  SCV  
  49  4:17  SCV  
  48  4:18  Bunker  
  48  4:20  Supply Depot  
  48  4:26  Barracks  
  48  4:29  SCV x2  
  50  4:31  Supply Depot  
  50  4:33  Siege Tank  
  50  4:36  Marine  
  54  4:41  Marine, SCV x2  
  57  4:54  SCV x2, Marine  
  57  4:59  Marine  
  61  5:06  SCV x2, Siege Tank  
  66  5:14  Marine  
  67  5:18  SCV x2  
  67  5:19  Barracks  
  67  5:20  Refinery  
  69  5:21  Engineering Bay  
  69  5:23  Supply Depot  
  69  5:25  Stimpack  
  69  5:30  SCV  
  69  5:31  Supply Depot x2  
  70  5:37  Marauder  
  70  5:39  Marine  
  70  5:44  Marine  
  70  5:46  Siege Tank  
  70  5:47  Barracks x2  
  74  5:51  Starport Reactor  
  74  5:52  SCV x2  
  74  5:55  Supply Depot  
  76  5:58  Terran Infantry Weapons Level 1  
  76  6:02  Marine x3  
  79  6:04  SCV  
  79  6:05  SCV  
  79  6:06  Refinery  
  79  6:07  Barracks Tech Lab  
  80  6:18  SCV, Siege Tank  
  80  6:19  SCV  
  80  6:22  Supply Depot  
  85  6:29  Combat Shield  
  85  6:30  Marine x4  
  89  6:36  Marine x2  
  91  6:40  Supply Depot  
  91  6:43  Supply Depot  
  91  6:48  Marine  
  91  6:49  Medivac x2  
  91  6:52  Marauder  
  94  7:02  Marine x4  
  94  7:07  SCV  
  94  7:08  SCV  
  98  7:12  Siege Tank  
  98  7:13  Marauder  
  98  7:15  Marine  
  100  7:16  Command Center  
  100  7:19  Medivac  
  98  7:24  Concussive Shells  
  98  7:25  Marine, Supply Depot  
  98  7:26  Barracks Reactor, Barracks Tech Lab  
  98  7:42  Marauder x2  
  98  7:43  SCV x2  
  99  7:51  Marauder, Marine  
  96  8:01  Marine  
  96  8:02  Siege Tank  
  96  8:03  SCV, Marauder x2  
  105  8:06  Marine  
  105  8:07  Marine  
  105  8:09  Marine  
  110  8:13  Marauder  
  110  8:17  SCV  
  110  8:19  Medivac x2  
  112  8:25  Marauder x2  
  116  8:30  SCV x2  
Show
View Real Time Build Order
Export as new Build Order

Firefly Protoss 

Build Orders: 1 Gate Expand, Phoenix Opening, Blink Stalkers 

Get SALT Encoding   

  12  0:00  Probe  
  13  0:12  Probe  
  14  0:17  Pylon  
  14  0:24  Probe  
  15  0:35  Gateway  
  15  0:37  Probe (Chrono Boost)  
  16  0:46  Probe (Chrono Boost)  
  16  0:48  Assimilator  
  17  0:51  Probe (Chrono Boost)  
  18  1:05  Probe  
  19  1:21  Nexus  
  19  1:33  Cybernetics Core, Probe  
  20  1:41  Assimilator  
  20  1:45  Probe  
  21  1:51  Pylon  
  21  1:57  Probe (Chrono Boost)  
  23  2:09  Warp Gate, Stalker  
  23  2:10  Probe (Chrono Boost)  
  23  2:15  Probe (Chrono Boost)  
  26  2:24  Probe (Chrono Boost)  
  27  2:33  Probe (Chrono Boost)  
  27  2:38  Probe (Chrono Boost)  
  27  2:42  Probe (Chrono Boost)  
  27  2:43  Sentry  
  31  2:49  Probe (Chrono Boost)  
  33  2:52  Twilight Council  
  33  2:53  Probe (Chrono Boost)  
  33  2:54  Probe (Chrono Boost)  
  34  3:03  Probe (Chrono Boost)  
  34  3:05  Probe (Chrono Boost)  
  36  3:13  Phoenix, Gateway  
  36  3:17  Probe (Chrono Boost)  
  38  3:20  Probe (Chrono Boost)  
  38  3:23  Probe (Chrono Boost)  
  38  3:24  Gateway  
  38  3:26  Probe (Chrono Boost)  
  40  3:29  Blink  
  40  3:31  Probe  
  41  3:37  Robotics Facility  
  41  3:38  Probe  
  42  3:43  Probe, Pylon  
  42  3:57  Stalker  
  42  4:01  Probe  
  33  4:12  Stalker  
  33  4:14  Probe (Chrono Boost)  
  32  4:20  Probe (Chrono Boost)  
  32  4:24  Probe (Chrono Boost)  
  33  4:28  Probe (Chrono Boost)  
  35  4:34  Probe (Chrono Boost)  
  35  4:35  Assimilator  
  35  4:36  Probe (Chrono Boost)  
  36  4:42  Probe (Chrono Boost)  
  36  4:43  Shield Battery  
  38  4:46  Probe (Chrono Boost)  
  38  4:49  Shield Battery  
  38  4:50  Probe (Chrono Boost), Stalker x3  
  46  4:54  Probe (Chrono Boost)  
  46  4:55  Probe (Chrono Boost)  
  46  5:04  Probe  
  46  5:06  Probe  
  45  5:16  Probe, Observer (Chrono Boost)  
  45  5:18  Probe  
  48  5:22  Pylon  
  48  5:29  Probe  
  48  5:30  Probe  
  48  5:32  Pylon, Stalker x2  
  53  5:41  Probe  
  53  5:43  Probe, Stalker  
  56  5:53  Probe  
  56  5:54  Assimilator  
  56  5:55  Probe (Chrono Boost)  
  58  6:04  Robotics Bay  
  58  6:07  Probe (Chrono Boost)  
  58  6:10  Probe (Chrono Boost)  
  60  6:15  Probe (Chrono Boost)  
  62  6:19  Probe (Chrono Boost), Warp Prism  
  62  6:21  Probe, Pylon  
  66  6:38  Gateway  
  65  6:40  Gateway  
  65  6:41  Gateway  
  65  6:44  Pylon  
  65  6:47  Pylon  
  65  6:54  Disruptor (Chrono Boost)  
  65  7:00  Stalker x3  
  74  7:05  Pylon  
  72  7:19  Colossus (Chrono Boost)  
  78  7:34  Stalker x4  
  86  7:53  Stalker  
  86  7:54  Stalker  
  86  7:57  Stalker  
  86  7:58  Zealot x2, Stalker  
  83  8:17  Stalker  
  83  8:18  Stalker  
  69  8:21  Stalker x4  
  72  8:44  Zealot x4  
Tags
 
Add a new tag
Caveats
  • Supply blocks, unpowered buildings, or Contaminate may cause inaccurate times.
  • Supply counts are checked every 10 seconds.